 Dungeon Crawl Stone Soup version bcrawl-1.19.1 (webtiles) character file.

Game seed: 17537406907681107394

352 Revguard the Ducker (level 6, -1/44 HPs)
             Began as a Demonspawn Archaeologist on Nov 29, 2019.
             Killed by divine providence
             ... invoked by an orc priest
              (12 damage)
             ... on level 4 of the Dungeon.
             The game lasted 00:08:14 (2745 turns).

Revguard the Ducker (Demonspawn Archaeologist)      Turns: 2745, Time: 00:08:15

Health: -1/44      AC: 10    Str: 12    XL:     6   Next: 35%
Magic:  8/8        EV: 12    Int: 15    God:
Gold:   91         SH:  4    Dex: 13    Spells: 5/5 levels left

rFire    . . .     SeeInvis .   j - +0 short sword (drain)
rCold    + . .     Gourm    .   (no shield)
rNeg     . . .     Faith    .   k - +0 ring mail
rPois    .         Spirit   .   c - +1 hat
rElec    +         Reflect  .   (no cloak)
rCorr    .         Harm     .   (no gloves)
MR       .....                  d - +2 pair of boots
Stlth    ++........             (no amulet)
HPRegen  0.14/turn              n - ring of insulation
MPRegen  0.11/turn              o - ring of protection from cold

@: berserk cooldown, studying Armour
A: talons 1, large bone plates 1, powered by death 2
a: no special abilities


You were on level 4 of the Dungeon.
You were near starving.

You visited 1 branch of the dungeon, and saw 4 of its levels.

You collected 91 gold pieces.

Inventory:

Hand Weapons
 a - a +0 whip
 j - a +0 short sword of draining (weapon)
Missiles
 t - 71 curare-tipped needles
 u - 127 poisoned needles
 y - 58 poisoned tomahawks (quivered)
Armour
 b - a +1 robe
 c - a +1 hat (worn)
 d - a +2 pair of boots (worn)
 k - a +0 ring mail (worn)
Jewellery
 m - an uncursed ring of wizardry
 n - a ring of insulation (left hand)
 o - a ring of protection from cold (right hand)
Scrolls
 i - a scroll of immolation
 q - a scroll of teleportation
 s - a scroll of identify
 v - a scroll of enchant armour
 z - 3 scrolls of amnesia
 A - a scroll of magic mapping {unknown}
Potions
 w - a potion of brilliance {unknown}
 x - a potion of agility {unknown}
Books
 e - a manual of Armour
Miscellaneous
 f - an ancient crate
Comestibles
 g - 5 rations {!d}
 B - 10 chunks of flesh


   Skills:
 + Level 1.7 Fighting
 + Level 2.3 Short Blades
 - Level 1.0 Maces & Flails
 * Level 3.8 Armour
 + Level 4.0 Dodging
 - Level 3.0 Stealth
 * Level 2.7 Evocations


You had 5 spell levels left.
You didn't know any spells.
Your spell library was empty.

Dungeon Overview and Level Annotations

Branches:
Dungeon (4/12)
 Temple: D:4-7

Altars:
Qazlal
Zin

Shops:
D:4 =


Innate Abilities, Weirdness & Mutations

You have sharp toenails.
You are partially covered in large bone plates. (SH +4)
You regenerate health from kills.


Message History

The orc priest is heavily wounded.
The crimson imp hits you. You block the orc priest's attack.
You hit the orc priest.
The orc priest is heavily wounded.
The crimson imp hits you but does no damage.
The orc priest invokes the aid of Beogh against you.
Beogh smites you!
* * * LOW HITPOINT WARNING * * *
The crimson imp barely misses you.
You hit the orc priest but do no damage.
The orc priest is heavily wounded.
The crimson imp hits you but does no damage.
The orc priest hits you but does no damage.
You completely miss the orc priest.
The orc priest is heavily wounded.
You feel yourself speed up. The orc priest misses you.
The crimson imp misses you.
The crimson imp blinks!
The orc priest mumbles some strange prayers to Beogh against you.
Beogh smites you!
You die...

.##. ## .. .. .#########
..........
#########.........
########.......#.........
..#....'.......#.........
..#....#.......#@o.......
..#....#.......##ยง#######
..#....#........).......#
..#...##.......##.......#
..#...###########.......+
.['......... ........#
)#######.... #########
.......# ... .......# ..


You could see an orc priest.

Vanquished Creatures
  An ogre (D:4)
  2 orc wizards (D:4)
  An orc priest (D:4)
  Jessica (D:2)
  A worker ant (D:4)
  A worker ant zombie (D:4)
  2 adders
  7 dart slugs
  3 leopard geckos
  11 orcs
  A bat (D:2)
  3 giant cockroaches (D:3)
  3 goblins (D:1)
  5 hobgoblins
  10 jackals
  7 frilled lizards
  13 kobolds
  6 rats
78 creatures vanquished.

Notes
Turn   | Place    | Note
-------+----------+-------------------------------------------
     0 | D:1      | Revguard the Demonspawn Archaeologist began the quest for
                  | the Orb.
     0 | D:1      | Reached XP level 1. HP: 15/15 MP: 1/1
   172 | D:1      | Reached skill level 3 in Dodging
   275 | D:1      | Gained mutation: You regenerate a little health from kills.
                  | [demonic ancestry]
   275 | D:1      | Reached XP level 2. HP: 21/21 MP: 2/2
   454 | D:1      | Reached skill level 1 in Maces & Flails
   780 | D:1      | Reached skill level 1 in Evocations
   819 | D:1      | Gained mutation: You have sharp toenails. [demonic
                  | ancestry]
   819 | D:1      | Reached XP level 3. HP: 26/26 MP: 3/3
  1256 | D:2      | Reached skill level 1 in Armour
  1276 | D:2      | Noticed Jessica
  1290 | D:2      | Killed Jessica
  1290 | D:2      | Gained mutation: You regenerate health from kills. [demonic
                  | ancestry]
  1290 | D:2      | Reached XP level 4. HP: 27/32 MP: 5/5
  1888 | D:3      | Noticed an air elemental
  1890 | D:3      | Found a stormy altar of Qazlal.
  1894 | D:3      | Noticed a water elemental
  1900 | D:3      | Noticed a fire elemental
  1900 | D:3      | Noticed an earth elemental
  1994 | D:3      | Reached skill level 1 in Short Blades
  2246 | D:3      | Found a glowing silver altar of Zin.
  2419 | D:4      | Found Soumpoav's Jewellery Emporium.
  2426 | D:4      | Reached XP level 5. HP: 24/37 MP: 6/6
  2702 | D:4      | Noticed an ogre
  2722 | D:4      | Killed an ogre
  2722 | D:4      | Reached skill level 4 in Dodging
  2722 | D:4      | Gained mutation: You are partially covered in large bone
                  | plates. (SH +4) [demonic ancestry]
  2722 | D:4      | Reached XP level 6. HP: 23/44 MP: 6/8
  2745 | D:4      | Killed from afar by an orc priest

Skill      XL: |  1  2  3  4  5 |
---------------+----------------+-----
Dodging        | 3 4 |  4.0
Maces & Flails | 1 |  1.0
Evocations     | 1 2 |  2.7
Armour         | 1 2 3 |  3.8
Short Blades   | 1 2 |  2.3
Fighting       | |  1.7
Stealth        | |  3.0

Action                   |  1- 3 |  4- 6 || total
-------------------------+-------+-------++-------
Melee: Whip              |    14 |       ||    14
       Short sword       |    69 |   352 ||   421
  Use: Scroll            |     6 |     5 ||    11
       Potion            |       |     6 ||     6
 Stab: Sleeping          |     2 |       ||     2
  Eat: Chunk             |     1 |     4 ||     5
Armor: Robe              |     3 |       ||     3
       Ring mail         |    39 |   228 ||   267
Dodge: Dodged            |    63 |   370 ||   433
Block: Other             |       |     3 ||     3
